AoeStats
← -Hopser-

Arabia

505839100Analyzed
2v2 RM · 20d ago on Sep 11, 2026· 55m 39s· 4 players
Game mode
Random Map
Map size
Medium (4 player)
Population
200
Speed
Normal
Resources
Standard
Victory
Conquest
Starting age
Dark Age
Ending age
Imperial Age
RankedLock teamsTeams togetherTeam positionsShared explorationLock speedFull tech treeHidden civsTurbo modeCheats
Victory
Defeat
🇩🇪 Romans · Germany
1117
+13
🇩🇪 Khmer · Germany
1093
+13
🇨🇳 Hindustanis · China
1042
-13
🇨🇳 Persians · China
1038
-13
TRANG
10:52 Feudal Age
10:27 Loom
15:02 Castle Age
13:31 Double-Bit Axe
23:28 Horse Collar
24:21 Heavy Plow
25:49 Wheelbarrow
27:12 Hand Cart
28:09 Stone Mining
28:10 Gold Mining
32:52 Imperial Age
30:46 Bloodlines
30:37 Husbandry
30:45 Scale Barding Armor
30:51 Forging
32:37 Chain Barding Armor
32:52 Iron Casting
33:19 Heavy Camel Rider
34:43 Plate Barding Armor
35:10 Chemistry
34:31 Ballistics
35:41 Imperial Camel Rider
37:23 Blast Furnace
36:14 Fletching
36:25 Padded Archer Armor
37:24 Shatagni
38:37 Conscription
40:11 Thumb Ring
39:33 Light Cavalry
40:25 Hussar
43:22 Elite Skirmisher
44:43 Bodkin Arrow
45:04 Leather Archer Armor
45:29 Bracer
打井包出水
1:04 Loom
12:18 Feudal Age
16:22 Wheelbarrow
21:33 Castle Age
19:55 Double-Bit Axe
19:56 Horse Collar
20:40 Town Watch
23:21 Hand Cart
23:39 Town Patrol
24:49 Bloodlines
28:26 Gold Mining
28:27 Stone Mining
29:21 Husbandry
36:28 Imperial Age
34:21 Scale Barding Armor
34:26 Forging
34:13 Stone Mining
35:00 Gold Shaft Mining
34:45 Bow Saw
36:38 Stone Shaft Mining
36:07 Heavy Plow
36:36 Chain Barding Armor
36:52 Iron Casting
38:50 Plate Barding Armor
38:51 Iron Casting
41:17 Cavalier
43:05 Blast Furnace
42:45 Crop Rotation
43:20 Two-Man Saw
44:02 Chemistry
43:25 Ballistics
43:02 Murder Holes
43:20 Masonry
43:03 Heated Shot
42:41 Savar
42:46 Light Cavalry
43:59 Kamandaran
44:02 Fletching
44:15 Padded Archer Armor
49:31 Hussar
-Hopser-
11:30 Feudal Age
13:49 Loom
18:15 Castle Age
24:08 Wheelbarrow
27:48 Hand Cart
27:29 Double-Bit Axe
27:25 Horse Collar
30:47 Imperial Age
30:54 Imperial Age
28:24 Town Watch
29:04 Bow Saw
28:56 Heavy Plow
31:42 Ballistics
31:02 Pikeman
31:42 Squires
34:40 Crop Rotation
34:33 Town Patrol
34:11 Heavy Scorpion
35:02 Ballistas
34:23 Halberdier
37:36 Chemistry
37:11 Siege Engineers
37:29 Conscription
37:18 Scale Mail Armor
36:41 Man-at-Arms
38:20 Coinage
38:21 Elite Centurion
44:49 Long Swordsman
45:50 Legionary
48:02 Chain Mail Armor
47:58 Forging
49:41 Comitatenses
Schuppa
10:45 Feudal Age
12:08 Loom
15:45 Castle Age
15:58 Double-Bit Axe
20:12 Horse Collar
20:45 Bow Saw
25:06 Husbandry
25:42 Pikeman
27:18 Wheelbarrow
26:10 Light Cavalry
28:02 Bloodlines
28:24 Scale Barding Armor
28:30 Forging
28:35 Heavy Plow
28:49 Town Watch
30:11 Hand Cart
33:31 Imperial Age
31:38 Chain Barding Armor
31:17 Fletching
32:07 Iron Casting
33:39 Coinage
34:43 Conscription
34:52 Chain Barding Armor
35:32 Blast Furnace
37:01 Scale Mail Armor
39:28 Double Crossbow
39:21 Halberdier
40:22 Chain Mail Armor
40:43 Plate Barding Armor
42:09 Masonry
44:53 Chemistry
44:30 Gold Mining
45:03 Elite Ballista Elephant
46:53 Ballistics
47:09 Bodkin Arrow
48:59 Banking
48:47 Bracer
50:21 Hoardings
Connection lost

Rejoining the realm…

Still unreachable

The connection could not be restored.

Session expired

The server has moved on; the page needs a fresh start.